AoeStats
← impossible

Fortress

510049942Analyzed
4v4 RM · 4d ago on Sep 29, 2026· 32m 14s· 8 players
Game mode
Random Map
Map size
Huge
Population
200
Speed
Normal
Resources
Standard
Victory
Conquest
Starting age
Dark Age
Ending age
Imperial Age
RankedLock teamsTeams togetherTeam positionsShared explorationLock speedFull tech treeHidden civsTurbo modeCheats
Victory
Defeat
🇨🇳 Franks · China
1337
+12
🇦🇷 Britons · Argentina
1245
+15
🇨🇴 Ethiopians · Colombia
1215
+17
🇩🇪 Varangians · Germany
1182
+18
🇨🇳 Saracens · China
1291
-18
🇷🇺 Italians · Russia
1242
-16
🇮🇳 Dravidians · India
1197
-14
1190
-14
CavArchers
6:48 Feudal Age
10:26 Castle Age
9:09 Double-Bit Axe
9:12 Horse Collar
11:24 Bow Saw
15:07 Fervor
20:07 Heavy Plow
20:28 Gold Mining
20:28 Stone Mining
21:17 Wheelbarrow
20:28 Loom
28:24 Imperial Age
27:03 Bloodlines
26:53 Husbandry
27:02 Scale Barding Armor
27:07 Forging
impossible
6:54 Feudal Age
7:30 Feudal Age
11:23 Castle Age
9:11 Double-Bit Axe
9:08 Horse Collar
9:36 Gold Mining
13:14 Bow Saw
19:46 Loom
20:58 Elite Skirmisher
23:38 Fletching
23:49 Padded Archer Armor
24:45 Bodkin Arrow
25:53 Leather Archer Armor
Shini_gami
0:30 Loom
7:17 Feudal Age
11:58 Castle Age
10:39 Double-Bit Axe
10:47 Horse Collar
11:43 Town Watch
11:55 Gold Mining
15:36 Caravan
22:03 Stone Mining
23:48 Wheelbarrow
27:52 Imperial Age
26:48 Fletching
26:59 Padded Archer Armor
26:59 Scale Mail Armor
27:10 Forging
伐伐伐伐伐木工
1:03 Loom
2:13 Loom
7:50 Feudal Age
12:17 Castle Age
10:33 Double-Bit Axe
10:40 Horse Collar
12:21 Arson
12:35 Pikeman
14:06 Squires
14:53 Forging
14:43 Scale Mail Armor
19:30 Wheelbarrow
26:03 Hand Cart
25:38 Town Watch
29:37 Iron Casting
venOm
7:01 Feudal Age
10:59 Castle Age
9:14 Double-Bit Axe
9:35 Horse Collar
11:46 Heavy Plow
12:04 Bow Saw
18:52 Wheelbarrow
18:36 Gold Mining
20:02 Stone Mining
21:07 Hand Cart
25:40 Imperial Age
23:54 Scale Barding Armor
24:03 Bloodlines
23:54 Husbandry
24:20 Loom
24:22 Vendel Legacy
25:27 Chain Barding Armor
25:42 Forging
26:44 Conscription
27:01 Plate Barding Armor
27:00 Cavalier
28:34 Light Cavalry
santiagogp2093
7:39 Feudal Age
11:24 Castle Age
10:10 Forging
9:54 Horse Collar
10:45 Arson
13:09 Squires
16:07 Scale Mail Armor
19:25 Loom
25:06 Fletching
28:50 Imperial Age
26:39 Double-Bit Axe
26:44 Crossbowman
27:51 Bodkin Arrow
29:50 Thumb Ring
30:09 Bracer
30:32 Arbalester
很蓝的啦
7:38 Feudal Age
8:29 Double-Bit Axe
11:37 Castle Age
12:47 Bow Saw
14:14 Stone Mining
14:26 Gold Mining
15:59 Loom
19:52 Loom
20:43 Wheelbarrow
19:54 Town Watch
21:03 Gold Shaft Mining
22:15 Treadmill Crane
25:18 Imperial Age
23:24 Forging
23:19 Scale Barding Armor
23:32 Scale Barding Armor
24:16 Hand Cart
24:02 Town Patrol
25:02 Iron Casting
24:30 Husbandry
23:50 Light Cavalry
25:14 Chain Barding Armor
25:55 Cavalier
29:10 Plate Barding Armor
28:38 Caravan
29:34 Conscription
29:18 Paladin
31:18 Blast Furnace
31:09 Ballistics
30:59 Masonry
32:39 Chemistry
Nitsuga
7:04 Feudal Age
10:51 Castle Age
8:57 Double-Bit Axe
10:35 Gold Mining
12:29 Bow Saw
12:18 Town Watch
15:38 Fletching
16:19 Ballistics
18:35 Wheelbarrow
20:07 Bodkin Arrow
22:07 Hand Cart
21:56 Padded Archer Armor
27:28 Imperial Age
28:00 Leather Archer Armor
29:30 Loom
29:47 Elite Longbowman
31:52 Bracer
Connection lost

Rejoining the realm…

Still unreachable

The connection could not be restored.

Session expired

The server has moved on; the page needs a fresh start.